AoeStats
← kidori

Arabia

504671266Analyzed
1v1 RM · 26d ago on Sep 6, 2026· 88m 59s· 2 players
Game mode
Random Map
Map size
Tiny (2 player)
Population
200
Speed
Normal
Resources
Standard
Victory
Conquest
Starting age
Dark Age
Ending age
Imperial Age
RankedLock teamsTeams togetherTeam positionsShared explorationLock speedFull tech treeHidden civsTurbo modeCheats
Victory
Defeat
🇮🇳 Chinese · India
1158
+18
🇦🇪 Mongols · United Arab Emirates
1197
-18
kidori
0:26 Loom
9:31 Feudal Age
10:51 Double-Bit Axe
10:46 Horse Collar
19:54 Castle Age
18:52 Scale Mail Armor
19:03 Forging
19:31 Wheelbarrow
18:42 Town Watch
20:04 Fletching
20:15 Padded Archer Armor
20:14 Elite Skirmisher
20:51 Bodkin Arrow
22:52 Ballistics
22:27 Pikeman
24:21 Bow Saw
31:01 Scale Barding Armor
31:14 Chain Mail Armor
33:32 Iron Casting
34:23 Squires
34:10 Arson
38:58 Imperial Age
38:30 Leather Archer Armor
39:00 Heavy Plow
39:04 Halberdier
41:50 Blast Furnace
41:21 Plate Mail Armor
40:53 Bracer
48:30 Ring Archer Armor
49:41 Thumb Ring
50:52 Conscription
52:44 Chemistry
53:56 Murder Holes
54:21 Fortified Wall
54:27 Elite Chu Ko Nu
60:48 Hand Cart
74:17 Two-Man Saw
81:26 Heavy Plow
Lord RDB
5:57 Loom
8:24 Feudal Age
13:38 Double-Bit Axe
16:09 Horse Collar
20:40 Castle Age
19:13 Fletching
19:36 Bloodlines
20:53 Wheelbarrow
21:18 Bodkin Arrow
21:36 Bow Saw
21:32 Gold Mining
23:13 Ballistics
24:31 Scale Barding Armor
27:45 Chain Barding Armor
30:51 Gold Shaft Mining
31:02 Husbandry
33:29 Stone Mining
33:45 Heavy Plow
35:13 Hand Cart
38:01 Imperial Age
38:46 Bracer
39:13 Parthian Tactics
38:54 Thumb Ring
43:33 Padded Archer Armor
44:35 Chemistry
43:32 Murder Holes
43:42 Siege Engineers
43:48 Masonry
46:30 Stone Shaft Mining
46:17 Heavy Cavalry Archer
49:08 Light Cavalry
50:06 Leather Archer Armor
50:55 Hussar
55:37 Forging
56:53 Iron Casting
60:35 Blast Furnace
64:14 Elite Mangudai
Connection lost

Rejoining the realm…

Still unreachable

The connection could not be restored.

Session expired

The server has moved on; the page needs a fresh start.